 Dungeon Crawl Stone Soup version 0.14-a0-2964-g8dc6adb (webtiles) character file.

483 Psiweapon the Sneak (level 6, -4/34 HPs)
             Began as a Kobold Hunter on Mar 5, 2014.
             Slain by an orc
             ... wielding a +1,+2 dagger
              (5 damage)
             ... on Level 4 of the Dungeon.
             The game lasted 00:16:05 (3990 turns).

Psiweapon the Sneak (Kobold Hunter)                 Turns: 3990, Time: 00:16:05

HP  -4/34        AC  5     Str 12      XL: 6   Next: 76%
MP   6/6         EV 13     Int  9      God:
Gold 162         SH  0     Dex 17      Spells:  0 memorised,  5 levels left

rFire  . . .     SeeInvis +     a - +0 short sword
rCold  . . .     Clarity  .     d - +0 leather armour
rNeg   . . .     Conserve .     (no shield)
rPois  +         rCorr    .     (no helmet)
rElec  .         rRot     .     (no cloak)
SustAb . .       Spirit   .     e - +1 pair of gloves
rMut   .         Warding  .     (no boots)
Saprov + + .     Stasis   .     (no amulet)
MR     .....                    A - ring of poison resistance
                                v - ring of see invisible

@: not resistant to hostile enchantments, quite stealthy
A: disease resistance, carnivore 3, saprovore 2
a: no special abilities


You were on level 4 of the Dungeon.
You were very full.

You visited 1 branch of the dungeon, and saw 4 of its levels.

You collected 162 gold pieces.

Inventory:

Hand weapons
 a - a +0,+0 short sword (weapon)
 b - a +1,+1 crossbow
Missiles
 c - 3 bolts
 w - 8 needles of slowing
Armour
 d - a +0 leather armour (worn)
 e - a +1 pair of gloves (worn)
 u - a cursed +0 scale mail
Magical devices
 q - a wand of polymorph (2)
Comestibles
 f - 2 meat rations
 t - a slice of pizza
 z - 2 rotting chunks of orc flesh
Scrolls
 g - 2 scrolls of enchant armour
 i - a scroll of enchant weapon I {unknown}
 j - a scroll of magic mapping {unknown}
 m - 2 scrolls of teleportation {unknown}
 p - a scroll of noise {unknown}
 x - a scroll of enchant weapon II {unknown}
Jewellery
 s - an uncursed amulet of guardian spirit {unknown}
 v - a ring of see invisible (left hand)
 A - a ring of poison resistance (right hand)
Potions
 h - a potion of restore abilities
 l - 4 potions of curing


   Skills:
 - Level 1.1 Fighting
 + Level 5.5 Short Blades
 - Level 5.0 Crossbows
 - Level 2.4 Dodging
 + Level 6.4 Stealth


You had 5 spell levels left.
You didn't know any spells.

Dungeon Overview and Level Annotations

Branches:
Dungeon (4/16)
 Temple: D:4-7

Altars:
Ashenzari
Nemelex Xobeh
Sif Muna
Vehumet


Innate Abilities, Weirdness & Mutations

You recuperate from illness quickly.
You are small and have problems with some larger weapons.
You are carnivorous and can eat meat at any time.
You can eat rotten meat.


Message History

You feel a wave of unholy energy pass over you.
You hit the orc.
The orc is almost dead.
The orc priest invokes the aid of Beogh against you.
Something smites you!
* * * LOW HITPOINT WARNING * * *
The orc hits you with a dagger.
* * * LOW HITPOINT WARNING * * *
Drink which item? (? for menu, Esc to quit)
You are confused.
The orc hits you but does no damage.
Drink which item? (? for menu, Esc to quit)
You feel refreshed.
It was a potion of restore abilities.
The orc priest becomes somewhat translucent.
The orc closely misses you.
Drink which item? (? for menu, Esc to quit)
Magic courses through your body.
You feel less confused. The orc hits you with a dagger.
You die...

#....# ###.#### #......#
#o#.##.# #.#.##.# #.#....# ####
###.# ############ #.####.# #..
..#.# ...##......# #o####.#
#.#####.#.# ##.##.####.#
#oo@...###.##......
##.##.####.########.............
................# #####.##.##.#
##.##.####......# #.##.##.###
##.##.####.####.# #..........
...##......####.# ###...##.##
##########.#....# #...##)##
##.#.##.# #(..##.#.
#########.......## #...##%#.


You could see 2 orc priests and an orc.

Vanquished Creatures
  An iguana (D:4)
  An orc priest (D:4)
  2 orc wizards (D:4)
  A scorpion (D:4)
  Ijyb (D:4)
  6 adders
  An orc skeleton (D:4)
  A giant mite (D:3)
  2 oozes
  14 orcs
  A ball python (D:2)
  4 giant cockroaches
  9 hobgoblins
  11 jackals
  3 quokkas (D:3)
  9 bats
  4 giant newts
  5 goblins
  6 kobolds
  5 rats
  A rat skeleton (D:3)
88 creatures vanquished.

Notes
Turn   | Place    | Note
--------------------------------------------------------------
     0 | D:1      | Psiweapon, the Kobold Hunter, began the quest for the Orb.
     0 | D:1      | Reached XP level 1. HP: 12/12 MP: 1/1
    86 | D:1      | Reached skill level 5 in Crossbows
   187 | D:1      | Reached XP level 2. HP: 16/16 MP: 2/2
  1087 | D:2      | Reached skill level 1 in Short Blades
  1087 | D:2      | Reached XP level 3. HP: 7/20 MP: 3/3
  1583 | D:2      | Reached XP level 4. HP: 12/25 MP: 4/4
  2163 | D:2      | Found a deep blue altar of Sif Muna.
  2166 | D:2      | Found a shattered altar of Ashenzari.
  2168 | D:2      | Found a radiant altar of Vehumet.
  2407 | D:3      | Reached XP level 5. HP: 29/29 MP: 5/5
  2847 | D:3      | Found a sparkling altar of Nemelex Xobeh.
  3081 | D:3      | Reached skill level 5 in Stealth
  3532 | D:4      | Noticed Ijyb
  3558 | D:4      | Reached XP level 6. HP: 23/34 MP: 6/6
  3620 | D:4      | Killed Ijyb
  3797 | D:4      | Reached skill level 5 in Short Blades
  3797 | D:4      | Reached skill level 6 in Stealth
  3987 | D:4      | HP: 1/34 [orc/dagger (2)]
  3990 | D:4      | Slain by an orc

Action                   |  1- 3 |  4- 6 || total
-------------------------+-------+-------++-------
Melee: Short sword       |    90 |   118 ||   208
 Fire: Crossbow          |    13 |   107 ||   120
Evoke: Wand              |       |     3 ||     3
  Use: Scroll            |     3 |     6 ||     9
       Potion            |       |     7 ||     7
 Stab: Sleeping          |     2 |       ||     2
